AoeStats
← Adrian

MegaRandom

509963783Analyzed
2v2 RM · 2d ago on Sep 28, 2026· 57m 42s· 4 players
Game mode
Random Map
Map size
Medium (4 player)
Population
200
Speed
Normal
Resources
Standard
Victory
Conquest
Starting age
Dark Age
Ending age
Imperial Age
RankedLock teamsTeams togetherTeam positionsShared explorationLock speedFull tech treeHidden civsTurbo modeCheats
Victory
Defeat
🇺🇸 Poles · United States
443
+16
🇲🇽 Khmer · Mexico
354
+20
🇷🇴 Slavs · Romania
539
-22
🇪🇸 Bulgarians · Spain
349
-14
TheFoustAffectTTV
11:12 Feudal Age
17:21 Castle Age
16:28 Scale Barding Armor
16:49 Forging
17:25 Horse Collar
19:55 Double-Bit Axe
23:49 Light Cavalry
28:23 Bow Saw
31:44 Iron Casting
41:17 Imperial Age
ale.7d22pe
4:00 Loom
12:02 Feudal Age
16:21 Double-Bit Axe
20:21 Castle Age
28:57 Horse Collar
37:14 Imperial Age
35:23 Bow Saw
36:06 Wheelbarrow
38:10 Padded Archer Armor
38:03 Fletching
38:27 Forging
38:20 Scale Mail Armor
38:28 Scale Barding Armor
39:21 Ballistics
40:44 Leather Archer Armor
40:27 Bodkin Arrow
41:10 Iron Casting
40:54 Chain Mail Armor
40:05 Elite Skirmisher
40:05 Crossbowman
40:12 Elite Ballista Elephant
40:53 Tusk Swords
41:14 Conscription
41:17 Heavy Plow
42:40 Siege Engineers
46:53 Chemistry
46:50 Light Cavalry
47:40 Bloodlines
54:32 Masonry
54:58 Ring Archer Armor
54:52 Chain Barding Armor
54:34 Bracer
55:39 Blast Furnace
Adrian
8:42 Feudal Age
10:01 Wheelbarrow
9:18 Double-Bit Axe
10:17 Horse Collar
13:58 Gold Mining
21:25 Castle Age
22:49 Hand Cart
25:06 Bow Saw
26:15 Heavy Plow
26:54 Gold Shaft Mining
29:01 Squires
29:21 Pikeman
33:30 Stone Mining
40:40 Imperial Age
41:00 Halberdier
42:10 Loom
42:11 Town Watch
43:34 Crossbowman
45:11 Conscription
Dubovsky
2:52 Loom
12:17 Feudal Age
14:08 Wheelbarrow
14:56 Gold Mining
16:13 Double-Bit Axe
19:47 Horse Collar
21:21 Town Watch
24:22 Arson
25:36 Stone Mining
29:43 Castle Age
30:38 Heavy Plow
32:31 Bow Saw
33:47 Hand Cart
33:54 Squires
35:39 Stone Shaft Mining
37:00 Town Patrol
38:28 Gold Shaft Mining
38:45 Pikeman
39:11 Gambesons
40:00 Ballistics
40:43 Herbal Medicine
44:14 Thumb Ring
43:30 Elite Skirmisher
48:20 Imperial Age
50:51 Murder Holes
50:52 Guard Tower
52:04 Chemistry
51:16 Masonry
51:12 Siege Engineers
50:40 Halberdier
Connection lost

Rejoining the realm…

Still unreachable

The connection could not be restored.

Session expired

The server has moved on; the page needs a fresh start.